 Dungeon Crawl Stone Soup version 0.20.0-7-g3b7b877 (webtiles) character file.

38 MTVSty1e the Caller (level 3, -6/29 HPs)
             Began as a Mummy Summoner on May 29, 2017.
             Killed by divine providence
             ... invoked by an orc priest
              (9 damage)
             ... on level 3 of the Dungeon.
             The game lasted 00:04:07 (2399 turns).

MTVSty1e the Caller (Mummy Summoner)                Turns: 2399, Time: 00:04:09

Health: -6/29      AC:  7    Str: 12    XL:     3   Next: 25%
Magic:  2/7        EV: 11    Int: 14    God:
Gold:   88         SH:  0    Dex: 12    Spells: 3/7 levels left

rFire    . . .     SeeInvis .   d - +0 whip
rCold    + + .     Gourm    .   (no shield)
rNeg     + + +     Faith    .   f - +1 leather armour {rF+}
rPois    ∞         Spirit   .   (no helmet)
rElec    .         Reflect  .   h - +0 cloak
rCorr    .         Harm     .   (no gloves)
MR       .....                  e - +1 pair of boots
Stlth    +.........             (no amulet)
Regen    0.1/turn               c - ring of protection from cold
MPRegen  0.1/turn               (no ring)

@: no status effects
A: no food or potions, fire vulnerability, cold resistance 1, negative energy
resistance 3, torment resistance, unbreathing
a: no special abilities


You were on level 3 of the Dungeon.
You were not hungry.

You visited 1 branch of the dungeon, and saw 3 of its levels.

You collected 88 gold pieces.

Inventory:

Hand Weapons
 d - a +0 whip (weapon)
Armour
 e - a +1 pair of boots (worn)
 f - a +1 leather armour of fire resistance (worn)
 h - a +0 cloak (worn)
Jewellery
 c - a ring of protection from cold (left hand)
Scrolls
 g - a scroll of identify {unknown}
 i - a scroll of random uselessness {unknown}
Books
 b - a book of Callings

   Spells                             Type                      Level
   a - Summon Small Mammal            Summoning                    1
   b - Call Imp                       Summoning                    2
   c - Call Canine Familiar           Summoning                    3
   d - Summon Guardian Golem          Hexes/Summoning              3
   e - Summon Lightning Spire         Summoning/Air                4
   f - Summon Ice Beast               Ice/Summoning                4


   Skills:
 * Level 3.0 Fighting
 - Level 1.5 Dodging
 - Level 1.5 Stealth
 - Level 2.6 Spellcasting
 - Level 3.2 Summonings


You had 3 spell levels left.
You knew the following spells:

 Your Spells              Type           Power        Failure   Level  Hunger
a - Summon Small Mammal   Summ           ##..         8%          1    N/A
b - Summon Guardian Gole  Hex/Summ       #.......     41%         3    N/A

Dungeon Overview and Level Annotations

Branches:
Dungeon (3/15)

Altars:
Dithmenos
Vehumet


Innate Abilities, Weirdness & Mutations

You do not eat or drink.
Your flesh is vulnerable to fire.
You are immune to poison.
Your flesh is cold resistant. (rC+)
You are immune to negative energy. (rN+++)
You are immune to unholy pain and torment.
You can survive without breathing.


Message History

The orc priest hits you but does no damage.
You swap places.
The orc priest hits your guardian golem with a dagger.
The orc priest hits your guardian golem but does no damage.
The orc priest hits your guardian golem but does no damage.
The orc priest hits your guardian golem with a dagger.
The orc priest looks braver for a moment.
The orc priest invokes the aid of Beogh against you.
Beogh smites you!
* * * LOW HITPOINT WARNING * * *
The orc priest hits your guardian golem but does no damage.
The orc priest hits your guardian golem but does no damage.
There is an escape hatch in the ceiling here.
Casting: Summon Guardian Golem
Confirm with . or Enter, or press ? or * to list all spells.
A guardian golem appears, shielding your allies.
Your guardian golem disappears in a puff of smoke!
The orc priest invokes the aid of Beogh against you.
Beogh smites you!
You die...

#.# ##.##
#.<.##
#.#.#.####
# #.#§§.§#
#.#.#..§§#
###...._8§#
#.......§##
#.#####@##
# #.# #§#
#o# #o#


oo# .o# ...# #.## You could see an orc priest, 4 orcs and a friendly guardian
golem.

Vanquished Creatures
  An adder (D:2)
  A dart slug (D:1)
  A leopard gecko (D:3)
  5 giant cockroaches
  3 hobgoblins (D:2)
  A quokka (D:2)
  A ball python (D:2)
  4 frilled lizards (D:2)
  A kobold (D:2)
  2 rats
20 creatures vanquished.

Vanquished Creatures (collateral kills)
  An adder (D:2)
1 creature vanquished.

Grand Total: 21 creatures vanquished

Notes
Turn   | Place    | Note
-------+----------+-------------------------------------------
     0 | D:1      | MTVSty1e the Mummy Summoner began the quest for the Orb.
     0 | D:1      | Reached XP level 1. HP: 13/13 MP: 4/4
   672 | D:1      | Reached skill level 1 in Fighting
   895 | D:2      | Reached XP level 2. HP: 19/21 MP: 5/5
   986 | D:2      | Found a radiant altar of Vehumet.
  1955 | D:2      | Reached XP level 3. HP: 28/28 MP: 7/7
  1984 | D:2      | Learned a level 3 spell: Summon Guardian Golem
  2365 | D:3      | Found a shadowy altar of Dithmenos.
  2399 | D:3      | Killed from afar by an orc priest

Skill      XL: |  1  2  3 |
---------------+----------+-----
Fighting       | 1 2 3 |  3.0
Dodging        | |  1.5
Stealth        | |  1.5
Spellcasting   | |  2.6
Summonings     | |  3.2

Action                   || total
-------------------------++-------
Melee: Whip              ||   122
       Great sword       ||    12
 Cast: Summon Small Mamm ||     2
       Summon Guardian G ||     2
  Use: Scroll            ||     3
 Stab: Sleeping          ||     4
Armor: Robe              ||    25
       Leather armour    ||    22
Dodge: Dodged            ||    85
       Rpst.: Great sword ||     5
